[Event "Titled Tuesday Blitz August 22 Early 2023"]
[White "Fernandez Hernandez, Gerardo"]
[Black "Carroll, Thomas"]
[WhiteFideId "2207400"]
[BlackFideId "450111"]
[WhiteElo "2267"]
[BlackElo "2429"]
[Result "0-1"]
[Round "10"]
[TimeControl "180+1"]
[Date "2023.08.22"]
[WhiteClock "0:00:00"]
[BlackClock "0:00:20"]
[Board "130"]

1. e4 e6 2. d3 c5 3. g3 Nc6 4. Bg2 g6 5. f4 Bg7 6. Nf3 Nge7 7. O-O O-O 8. c3 d6 9. Be3 Bd7 10. d4 cxd4 11. cxd4 d5 12. e5 Nf5 13. Bf2 h5 14. Nc3 Rc8 15. Rc1 Na5 16. b3 b5 17. Qd2 b4 18. Ne2 Qe7 19. h3 Bb5 20. g4 hxg4 21. hxg4 Nh6 22. Bh3 Qd7 23. Rfe1 Bxe2 24. Qxe2 Rxc1 25. Rxc1 Rc8 26. Qd2 Rxc1+ 27. Qxc1 Qc6 28. Qxc6 Nxc6 29. Be1 Kf8 30. Kf2 Ke7 31. Ke3 a5 32. Bd2 Kd7 33. Ne1 f6 34. Nd3 fxe5 35. fxe5 Nf7 36. Nc5+ Ke7 37. Kd3 Nxd4 38. Kxd4 Nxe5 39. Ke3 Nc6 40. Nb7 Kd7 41. Ke2 Kc7 42. Nc5 Kd6 43. Nb7+ Ke5 44. Bc1 Nd4+ 45. Kd3 Nc6 46. Bb2+ d4 47. Nc5 Kd5 48. Nd7 e5 0-1


[Site "https://www.chess.com"]

[Event "Titled Tuesday Blitz August 22 Early 2023"]
[White "Sava, Christiansen-Danut-Eugen"]
[Black "Harriott, Tyrell"]
[WhiteFideId "1210114"]
[BlackFideId "2086484"]
[WhiteElo "2233"]
[BlackElo "2422"]
[Result "1/2-1/2"]
[Round "10"]
[TimeControl "180+1"]
[Date "2023.08.22"]
[WhiteClock "0:00:23"]
[BlackClock "0:00:08"]
[Board "131"]

1. c4 e6 2. Nc3 d5 3. e3 c6 4. d4 f5 5. Nf3 Nf6 6. Be2 Bd6 7. O-O O-O 8. a3 Nbd7 9. b4 Ne4 10. Bb2 Qf6 11. Ne1 Qh6 12. g3 Ndf6 13. Ng2 g5 14. Nxe4 Nxe4 15. h4 gxh4 16. Nxh4 Nxg3 17. fxg3 Bxg3 18. Nf3 Kh8 19. Kg2 Rg8 20. Rg1 Qxe3 21. Kh1 Qh6+ 22. Kg2 Bh2+ 23. Kf1 Qh3+ 24. Kf2 Bxg1+ 25. Nxg1 Qh2+ 26. Ke3 Rg3+ 27. Nf3 Rg2 28. Nxh2 Rxh2 29. cxd5 exd5 30. Qg1 Rh6 31. Qg5 Rg6 32. Qd8+ Kg7 33. Qe7+ Kg8 34. Rh1 Re6+ 35. Qxe6+ Bxe6 36. Kf4 Re8 37. Bd3 Re7 38. Re1 Kf7 39. Bxf5 Bxf5 40. Rxe7+ Kxe7 41. Kxf5 Kd6 42. Bc1 b6 43. Bf4+ Kd7 44. Ke5 h5 45. Bg5 a6 46. Bh4 a5 47. bxa5 bxa5 48. Bg5 a4 49. Bh4 Kc7 50. Ke6 Kb6 51. Kd6 Kb5 52. Bf2 c5 53. dxc5 Kc4 54. c6 d4 55. Bxd4 Kxd4 56. c7 h4 57. c8=Q h3 58. Qxh3 Kc4 59. Qe3 Kb5 60. Qc3 Ka6 61. Kc7 Kb5 62. Qa5+ Kxa5 63. Kc6 Ka6 64. Kc5 Ka5 65. Kc4 Ka6 66. Kb4 Kb6 67. Kxa4 Ka6 68. Kb4 Kb6 69. a4 Ka6 70. a5 Ka7 71. Ka4 Kb7 72. Kb5 Ka7 73. a6 Kb8 74. Ka5 Ka8 75. Kb6 Kb8 76. Kb5 Ka7 77. Ka5 Kb8 78. Kb5 Ka7 79. Ka5 Kb8 80. Kb6 Ka8 81. Kc6 Kb8 82. Kb5 1/2-1/2


[Site "https://www.chess.com"]

[Event "Titled Tuesday Blitz August 22 Early 2023"]
[White "Pein, Jonathan"]
[Black "Dilmukhametov, Artur"]
[WhiteFideId "417092"]
[BlackFideId "24179922"]
[WhiteElo "2414"]
[BlackElo "2193"]
[Result "1-0"]
[Round "10"]
[TimeControl "180+1"]
[Date "2023.08.22"]
[WhiteClock "0:00:07"]
[BlackClock "0:00:07"]
[Board "132"]

1. e4 c5 2. Nh3 Nf6 3. Nc3 d5 4. Ng5 h6 5. Nxf7 Kxf7 6. e5 d4 7. Bc4+ e6 8. exf6 dxc3 9. fxg7 Bxg7 10. Qh5+ Kf8 11. Qxc5+ Kg8 12. dxc3 Nc6 13. O-O Qh4 14. Be3 Qe7 15. Qh5 Bd7 16. Rad1 Be8 17. Qg4 Bf7 18. Qg3 Kh7 19. Bd3+ Kg8 20. Rfe1 Ne5 21. Bd4 Bh5 22. Bxe5 Bxd1 23. Rxd1 Kf8 24. Bd6 Bf6 25. Bxe7+ Bxe7 26. Re1 Rg8 27. Qf3+ Kg7 28. Qxb7 Rae8 29. Qxa7 Kh8 30. Qd4+ Rg7 31. Rxe6 Rd8 32. Rxh6+ Kg8 33. Bc4+ 1-0


[Site "https://www.chess.com"]

[Event "Titled Tuesday Blitz August 22 Early 2023"]
[White "campochess"]
[Black "Melikhov, Evgeny V."]
[BlackFideId "4122046"]
[WhiteElo "2190"]
[BlackElo "2398"]
[Result "0-1"]
[Round "10"]
[TimeControl "180+1"]
[Date "2023.08.22"]
[WhiteClock "0:00:30"]
[BlackClock "0:00:31"]
[Board "133"]

1. d4 Nf6 2. Bg5 e6 3. e4 h6 4. Bxf6 Qxf6 5. Nf3 d5 6. Nbd2 c5 7. c3 Nc6 8. Bb5 cxd4 9. Nxd4 Bd7 10. Bxc6 bxc6 11. O-O c5 12. Nc2 Bd6 13. Ne3 O-O 14. exd5 exd5 15. Nxd5 Bxh2+ 16. Kxh2 Qe5+ 17. Kg1 Qxd5 18. Nf3 Bc6 19. Qxd5 Bxd5 20. Ne5 Rad8 21. Rfd1 Rfe8 22. f4 f6 23. Ng6 Kf7 24. f5 Be4 25. Nh4 c4 26. Kf2 Bc2 27. Rxd8 Rxd8 28. Re1 Rb8 29. b4 cxb3 30. axb3 Rxb3 31. Ra1 Rb7 32. g4 g6 33. fxg6+ Bxg6 34. Ra6 Be4 35. Ke3 Bc2 36. Nf3 Bd1 37. Nd4 Bxg4 38. Nc6 Rc7 39. Kf4 Bd7 40. Rxa7 Rxa7 41. Nxa7 Ke6 42. c4 Kd6 43. Ke4 Kc5 44. Kd3 h5 0-1


[Site "https://www.chess.com"]

[Event "Titled Tuesday Blitz August 22 Early 2023"]
[White "Kula, Robert"]
[Black "Fernandez Garcia, Gumersindo"]
[WhiteFideId "1101218"]
[BlackFideId "24516740"]
[WhiteElo "2150"]
[BlackElo "2394"]
[Result "1-0"]
[Round "10"]
[TimeControl "180+1"]
[Date "2023.08.22"]
[WhiteClock "0:00:46"]
[BlackClock "0:00:57"]
[Board "134"]

1. e4 Nf6 2. e5 Nd5 3. c4 Nb6 4. d4 d6 5. exd6 cxd6 6. Nc3 g6 7. Bd3 Bg7 8. Be3 O-O 9. Nge2 Nc6 10. O-O Bg4 11. f3 Bd7 12. Rc1 d5 13. c5 Nc8 14. Nxd5 Be6 15. Ndf4 Nxd4 16. Bxd4 Bxd4+ 17. Kh1 Be3 18. Nxe6 fxe6 19. Rc4 b6 20. cxb6 Nd6 21. b7 Rb8 22. Rb4 Qa5 23. a3 Rxb7 24. Rxb7 Nxb7 25. Bc4 Qb6 26. b4 Rc8 27. Qb3 Rc6 28. Ng3 a5 29. b5 Nc5 30. Qxe3 Rd6 31. Ne4 Nxe4 32. Qxb6 Rxb6 33. fxe4 Kg7 34. e5 a4 35. g3 Rb7 36. Rb1 Rc7 37. Bxe6 1-0


[Site "https://www.chess.com"]

[Event "Titled Tuesday Blitz August 22 Early 2023"]
[White "Semenova, Alina"]
[Black "Polaczek, Richard"]
[WhiteFideId "24113875"]
[BlackFideId "200026"]
[WhiteElo "2090"]
[BlackElo "2391"]
[Result "1/2-1/2"]
[Round "10"]
[TimeControl "180+1"]
[Date "2023.08.22"]
[WhiteClock "0:00:06"]
[BlackClock "0:00:21"]
[Board "135"]

1. e4 Nf6 2. e5 Nd5 3. d4 d6 4. c4 Nb6 5. exd6 cxd6 6. Nc3 g6 7. h3 Bg7 8. Nf3 O-O 9. Be3 Nc6 10. Be2 Bf5 11. a3 d5 12. c5 Nc4 13. Bxc4 dxc4 14. O-O Bd3 15. d5 Ne5 16. Nxe5 Bxe5 17. Re1 Bxc3 18. bxc3 Qxd5 19. Bd4 Rfe8 20. Re5 Qd7 21. Qd2 f6 22. Ree1 e5 23. Be3 Rad8 24. f4 exf4 25. Bxf4 Rxe1+ 26. Rxe1 Re8 27. Rxe8+ Qxe8 28. Bd6 Qe4 29. Qh6 Qe8 30. Qf4 Kf7 31. Qd4 Qe6 32. c6 bxc6 33. Qxa7+ Ke8 34. Qb8+ Kd7 35. Qc7+ Ke8 36. Qb8+ Kd7 37. Bg3 Qe3+ 38. Kh2 Qe4 39. Qd6+ Ke8 40. Qxf6 h5 41. a4 c5 42. a5 Qd5 43. a6 Be4 44. a7 Bxg2 45. Qxg6+ Kd7 46. Qg7+ Ke8 47. Qh8+ Kd7 48. Qg7+ Ke8 49. Qg6+ Kd7 50. Qd6+ Qxd6 51. Bxd6 Bc6 52. Bxc5 Ke6 53. Kg3 Kf5 54. Bd4 Bd5 55. Kh4 Kg6 56. Kg3 Kf5 57. Bb6 Bc6 58. h4 Ke4 59. Bc5 Bb7 60. Bd4 Bc6 61. Bg7 Bb7 62. Bd4 Bc6 63. Bb6 Bb7 64. Bd4 1/2-1/2


[Site "https://www.chess.com"]

[Event "Titled Tuesday Blitz August 22 Early 2023"]
[White "Skiadopoulos, Nikolaos"]
[Black "Efremov, Vladislav"]
[WhiteFideId "4200772"]
[BlackFideId "44159935"]
[WhiteElo "1849"]
[BlackElo "2377"]
[Result "0-1"]
[Round "10"]
[TimeControl "180+1"]
[Date "2023.08.22"]
[WhiteClock "0:00:12"]
[BlackClock "0:01:23"]
[Board "136"]

1. e4 c5 2. Nf3 e6 3. b3 Nc6 4. Bb5 Nf6 5. e5 Nd5 6. Bxc6 bxc6 7. Bb2 Be7 8. Nc3 O-O 9. Ne4 Rb8 10. O-O c4 11. Bd4 cxb3 12. axb3 a6 13. Bc5 Bxc5 14. Nxc5 f6 15. Nxa6 Bxa6 16. Rxa6 fxe5 17. Nxe5 Rf5 18. Qe2 Qc7 19. d4 Nf4 20. Qe4 c5 21. c3 h6 22. g3 Nh3+ 23. Kg2 Ng5 24. Qd3 Rxb3 25. f4 Qb7+ 26. Nf3 Rb2+ 27. Rf2 Rxf2+ 28. Kxf2 Nxf3 29. Ra5 Nxh2 30. Rxc5 Ng4+ 31. Kg1 Rxc5 32. dxc5 Qd5 0-1


[Site "https://www.chess.com"]

[Event "Titled Tuesday Blitz August 22 Early 2023"]
[White "Acikel, Mert"]
[Black "Martins, Bruno Andre Leite"]
[WhiteFideId "12956465"]
[BlackFideId "1942255"]
[WhiteElo "2311"]
[BlackElo "2522"]
[Result "1-0"]
[Round "10"]
[TimeControl "180+1"]
[Date "2023.08.22"]
[WhiteClock "0:00:04"]
[BlackClock "0:00:09"]
[Board "138"]

1. e4 c5 2. Nf3 d6 3. Bb5+ Bd7 4. c4 a6 5. Bxd7+ Qxd7 6. d4 cxd4 7. Nxd4 g6 8. Nc3 Bg7 9. Be3 Nf6 10. h3 O-O 11. Rc1 Nc6 12. O-O Rfc8 13. b3 Rab8 14. Qe2 Nxd4 15. Bxd4 b5 16. cxb5 axb5 17. e5 dxe5 18. Bxe5 Rb7 19. Rfd1 Qc6 20. Bf4 Qe8 21. Qf3 Rb6 22. Nd5 Nxd5 23. Qxd5 Ra8 24. Bc7 Rba6 25. Rc2 Rxa2 26. Rxa2 Rxa2 27. Kh2 Rxf2 28. Qc5 Rf5 29. Qb6 h5 30. Rd8 Qxd8 31. Bxd8 Be5+ 32. Kg1 Bd6 33. Qc6 Rc5 34. Qf3 Kg7 35. g3 Rc1+ 36. Kf2 Rc2+ 37. Ke3 Bc5+ 38. Ke4 Rb2 39. Bc7 f5+ 40. Kd5 Bd6 41. Bxd6 Rd2+ 42. Ke6 Rxd6+ 43. Kxe7 Ra6 44. Qc3+ Kh6 45. h4 Ra7+ 46. Kd6 Ra6+ 47. Kc7 Re6 48. Qh8# 1-0


[Site "https://www.chess.com"]

[Event "Titled Tuesday Blitz August 22 Early 2023"]
[White "Czerw, Dawid"]
[Black "micke12a"]
[WhiteFideId "1145746"]
[WhiteElo "2465"]
[BlackElo "2311"]
[Result "0-1"]
[Round "10"]
[TimeControl "180+1"]
[Date "2023.08.22"]
[WhiteClock "0:01:48"]
[BlackClock "0:01:47"]
[Board "139"]

1. e4 c5 2. Nf3 d6 3. d4 cxd4 4. Nxd4 Nf6 5. Nc3 g6 6. h4 h5 7. Bg5 Bg7 8. Qd2 Nc6 9. Nb3 Be6 10. O-O-O Rc8 11. f4 O-O 12. Bd3 Nb4 13. f5 Bxb3 14. axb3 Qa5 15. Qe1 Qa1+ 16. Kd2 Qxb2 17. Na4 Rxc2+ 18. Ke3 Ng4+ 19. Kf3 Qxb3 20. Qf1 Rf2+ 0-1


[Site "https://www.chess.com"]

[Event "Titled Tuesday Blitz August 22 Early 2023"]
[White "Osinovsky, Stepan"]
[Black "Omariev, Maksim"]
[WhiteFideId "4157354"]
[BlackFideId "4193423"]
[WhiteElo "2307"]
[BlackElo "2446"]
[Result "1-0"]
[Round "10"]
[TimeControl "180+1"]
[Date "2023.08.22"]
[WhiteClock "0:00:10"]
[BlackClock "0:00:00"]
[Board "140"]

1. Nf3 d5 2. g3 c6 3. Bg2 Nf6 4. O-O Bf5 5. d3 e6 6. Nbd2 Be7 7. b3 O-O 8. Bb2 h6 9. c4 Bh7 10. Rc1 b5 11. cxb5 cxb5 12. Rc2 Na6 13. Qa1 Nb4 14. Rcc1 Rc8 15. a3 Nc6 16. Ne5 Qb6 17. Ndf3 Na5 18. Nd4 b4 19. axb4 Bxb4 20. Qa4 Bc5 21. Ra1 Nb7 22. Ndc6 Rc7 23. d4 Bd6 24. Rfc1 a5 25. Rc3 Ne4 26. Bxe4 Bxe4 27. Rac1 Rfc8 28. Ba3 f6 29. Bxd6 Nxd6 30. Ne7+ Rxe7 31. Rxc8+ Kh7 32. R8c6 1-0


[Site "https://www.chess.com"]

[Event "Titled Tuesday Blitz August 22 Early 2023"]
[White "Mrudul Dehankar"]
[Black "Hoffmann, Asa"]
[WhiteFideId "25096990"]
[BlackFideId "2001470"]
[WhiteElo "2396"]
[BlackElo "2276"]
[Result "0-1"]
[Round "10"]
[TimeControl "180+1"]
[Date "2023.08.22"]
[WhiteClock "0:00:00"]
[BlackClock "0:00:35"]
[Board "141"]

1. e4 d6 2. d4 Nf6 3. Nc3 c6 4. Nf3 Bg4 5. h3 Bh5 6. Bd3 e6 7. Be3 d5 8. e5 Nfd7 9. g4 Bg6 10. h4 c5 11. h5 Bxd3 12. Qxd3 h6 13. Ne2 cxd4 14. Nexd4 Nc6 15. Qb5 Qc7 16. O-O-O Rc8 17. Kb1 Be7 18. c3 a6 19. Qa4 Nb6 20. Qb3 Nc4 21. Rhe1 N6a5 22. Qc2 b5 23. Nb3 Nb7 24. Bd4 a5 25. Nbd2 a4 26. Nxc4 Qxc4 27. Qe2 b4 28. Qxc4 Rxc4 29. Re2 Kd7 30. Nd2 Rc6 31. Nf1 Rhc8 32. Ne3 Na5 33. Nc2 bxc3 34. Bxc3 Nc4 35. Nd4 Rb6 36. f4 Rcb8 37. Ka1 Bc5 38. f5 a3 39. b3 Nb2 40. Bxb2 axb2+ 41. Kxb2 Rb4 42. Red2 Ra8 43. a3 Rb7 44. b4 Bxd4+ 45. Rxd4 Rc8 46. Kb3 Rbc7 47. R1d3 Rc1 48. b5 Rb1+ 49. Ka2 Rxb5 50. a4 Rb7 51. Ka3 Rc1 52. Rd2 Kc6 53. R4d3 Rc4 54. Ra2 Ra7 55. a5 Rxa5+ 56. Kb3 Rxa2 57. Kxa2 d4 0-1


[Site "https://www.chess.com"]

[Event "Titled Tuesday Blitz August 22 Early 2023"]
[White "EvgenyBurmakin"]
[Black "Cheer_Down"]
[WhiteElo "2271"]
[BlackElo "2394"]
[Result "0-1"]
[Round "10"]
[TimeControl "180+1"]
[Date "2023.08.22"]
[WhiteClock "0:00:02"]
[BlackClock "0:00:14"]
[Board "142"]

1. e4 e6 2. d4 d5 3. Nd2 c5 4. Ngf3 Nc6 5. exd5 exd5 6. Bb5 Qe7+ 7. Qe2 Qxe2+ 8. Kxe2 cxd4 9. Re1 Bd7 10. Kf1+ Be7 11. Nb3 O-O-O 12. Nfxd4 Bf6 13. Bxc6 bxc6 14. c3 Ne7 15. Bf4 Ng6 16. Bg3 Rhe8 17. Nc5 Be5 18. a4 Bxg3 19. hxg3 Kc7 20. Rxe8 Rxe8 21. Re1 Rxe1+ 22. Kxe1 Bc8 23. Kd2 Kd6 24. b4 Ne5 25. f3 a5 26. Kc2 g5 27. Kb3 h5 28. Kc2 h4 29. gxh4 gxh4 30. Kd2 Nc4+ 31. Ke2 Ne5 32. Ke3 f6 33. Kf4 Nc4 34. Nd3 Ba6 35. Nf2 axb4 36. cxb4 c5 37. bxc5+ Kxc5 38. Ne6+ Kb4 39. Ng7 Kc3 40. Kf5 Ne3+ 41. Kxf6 Nxg2 42. Nf5 d4 43. Ke5 d3 44. Nxd3 Bxd3 45. Nxh4 Nxh4 46. f4 Kb4 47. a5 Kxa5 48. Kd4 Bf5 49. Ke5 Kb5 50. Kf6 Bc8 51. Kg5 Nf5 52. Kf6 Kc5 53. Ke5 Kc6 54. Kf6 Kd6 55. Kg5 Ke6 56. Kg4 Bb7 57. Kg5 Be4 58. Kg4 Kf6 59. Kh5 Bf3# 0-1


[Site "https://www.chess.com"]

[Event "Titled Tuesday Blitz August 22 Early 2023"]
[White "Rodriguez Santiago, Jaime"]
[Black "Tomaszewski, Kacper"]
[WhiteFideId "3100898"]
[BlackFideId "1127373"]
[WhiteElo "2252"]
[BlackElo "2394"]
[Result "1-0"]
[Round "10"]
[TimeControl "180+1"]
[Date "2023.08.22"]
[WhiteClock "0:00:25"]
[BlackClock "0:00:14"]
[Board "143"]

1. c4 g6 2. g3 Bg7 3. Bg2 e6 4. Nc3 Ne7 5. e4 c5 6. Nge2 O-O 7. O-O Nbc6 8. d3 d6 9. Be3 b6 10. Rb1 Bb7 11. a3 a5 12. f4 Nd4 13. b4 axb4 14. axb4 Qc8 15. bxc5 bxc5 16. Nb5 Nxe2+ 17. Qxe2 Rd8 18. g4 d5 19. e5 dxc4 20. Nd6 cxd3 21. Qd2 Bxg2 22. Nxc8 Raxc8 23. Kxg2 c4 24. Rfc1 Nd5 25. Bd4 Bf8 26. Bc3 Bc5 27. Re1 Nxc3 28. Qxc3 Bd4 29. Qd2 g5 30. f5 h6 31. h4 Bxe5 32. fxe6 Bf4 33. exf7+ Kxf7 34. Rb7+ Kg8 35. Qc3 Rc7 36. Rxc7 Bxc7 37. Re7 1-0


[Site "https://www.chess.com"]

[Event "Titled Tuesday Blitz August 22 Early 2023"]
[White "Sarkar, Justin"]
[Black "Bogaudinov, Rushan"]
[WhiteFideId "2010011"]
[BlackFideId "4129288"]
[WhiteElo "2245"]
[BlackElo "2383"]
[Result "0-1"]
[Round "10"]
[TimeControl "180+1"]
[Date "2023.08.22"]
[WhiteClock "0:00:00"]
[BlackClock "0:01:46"]
[Board "144"]

1. e4 a6 2. c4 e6 3. d4 d5 4. cxd5 exd5 5. e5 c5 6. Nc3 Nc6 7. dxc5 Be6 8. Na4 Nxe5 9. Nb6 Bxc5 10. Nxa8 Qxa8 11. Nf3 Ng4 12. Nd4 Qa7 13. Nxe6 Bxf2+ 14. Kd2 Qe3+ 15. Kc2 Qxe6 16. Be2 Ne5 17. Rf1 Bh4 18. Bf4 Nc6 19. Bg4 Qe4+ 20. Qd3 Nb4+ 0-1


[Site "https://www.chess.com"]

[Event "Titled Tuesday Blitz August 22 Early 2023"]
[White "AndresDelgado77"]
[Black "Prudnykova, Olga"]
[BlackFideId "14121093"]
[WhiteElo "2244"]
[BlackElo "2377"]
[Result "0-1"]
[Round "10"]
[TimeControl "180+1"]
[Date "2023.08.22"]
[WhiteClock "0:00:00"]
[BlackClock "0:01:02"]
[Board "145"]

1. e4 c5 2. Nf3 Nf6 3. Nc3 e6 4. d4 cxd4 5. Nxd4 Nc6 6. Ndb5 Bc5 7. Bf4 O-O 8. Bc7 Qe7 9. e5 Ne8 10. Ne4 Nxc7 11. Nxc7 Rb8 12. Nb5 Nxe5 13. Qh5 f5 14. Ng5 h6 15. h4 Ng4 16. Bc4 Bxf2+ 17. Ke2 Qc5 18. b3 Qe5+ 19. Kf1 Qxa1+ 20. Ke2 Qe5+ 0-1


[Site "https://www.chess.com"]

[Event "Titled Tuesday Blitz August 22 Early 2023"]
[White "Gheorghiu, Calin"]
[Black "hsd2016"]
[WhiteFideId "1200305"]
[WhiteElo "2374"]
[BlackElo "2241"]
[Result "0-1"]
[Round "10"]
[TimeControl "180+1"]
[Date "2023.08.22"]
[WhiteClock "0:01:21"]
[BlackClock "0:02:16"]
[Board "146"]

1. e4 c5 2. Nf3 b6 3. d4 cxd4 4. Nxd4 Bb7 5. Nc3 Nc6 6. Bc4 Nf6 7. Bb3 e6 8. Bg5 Bc5 9. Nxc6 Bxc6 10. e5 h6 11. exf6 hxg5 12. fxg7 Rg8 13. O-O Rxg7 14. Re1 Qf6 15. Qe2 O-O-O 16. Ba4 Bb7 17. Rad1 Rh7 18. Ne4 Bxe4 19. Qxe4 Qxf2+ 20. Kh1 Rxh2+ 21. Kxh2 Rh8+ 0-1


[Site "https://www.chess.com"]

[Event "Titled Tuesday Blitz August 22 Early 2023"]
[White "Labussiere, Yago"]
[Black "Sailer, Mike"]
[WhiteFideId "2186969"]
[BlackFideId "2012901"]
[WhiteElo "2374"]
[BlackElo "2233"]
[Result "1-0"]
[Round "10"]
[TimeControl "180+1"]
[Date "2023.08.22"]
[WhiteClock "0:00:51"]
[BlackClock "0:00:00"]
[Board "147"]

1. c4 e6 2. d4 f5 3. Nf3 Nf6 4. g3 Be7 5. Bg2 O-O 6. O-O d5 7. Bf4 c6 8. Nbd2 Nbd7 9. Ne5 Ne4 10. Nxd7 Bxd7 11. Qb3 Qb6 12. c5 Nxd2 13. Bxd2 Qxb3 14. axb3 a6 15. Bf4 g5 16. Be5 Bf6 17. f4 g4 18. h3 h5 19. hxg4 hxg4 20. Kf2 Kg7 21. Ke3 Rh8 22. Rg1 Rh2 23. Kd2 Rah8 24. Kc3 Kf7 25. Bxf6 Kxf6 26. Kb4 Ke7 27. Ka5 Kd8 28. Kb6 Kc8 29. e3 Kb8 30. Rae1 Bc8 31. Re2 Bd7 32. Ree1 Bc8 33. Ka5 Kc7 34. Kb4 Bd7 35. Kc3 b6 36. b4 b5 37. Kd2 Kb7 38. Ke2 Bc8 39. Kf2 Bd7 40. Ra1 Bc8 41. Ra2 Kc7 42. Rga1 Bb7 43. Kg1 Kb8 44. b3 Kc7 45. Ra5 Kb8 46. R5a2 Kc7 47. Re2 Kb8 48. Kf2 R8h3 49. Ree1 Bc8 50. Ra2 Bb7 51. Rea1 Ka7 52. Ra3 Bc8 53. Ra5 Bb7 54. R5a2 Bc8 55. Kg1 Rh7 56. Bf1 Rxa2 57. Rxa2 Kb7 58. Bg2 Bd7 59. Ra3 Bc8 60. Ra1 Bd7 61. Kf2 Bc8 62. Rg1 Bd7 63. Re1 Bc8 64. e4 dxe4 65. d5 exd5 66. Ke3 Rh2 67. Rg1 Kc7 68. Kd4 Kd7 69. Bf1 Ke7 70. Ke5 Rb2 71. Rh1 Rxb3 72. Rh7+ Kd8 73. Kd6 Bd7 74. Rh8+ Be8 75. Rh7 Rxb4 76. Ra7 Bd7 77. Ra8+ Bc8 78. Ra7 d4 79. Rh7 Bd7 80. Rxd7+ Kc8 81. Kxc6 d3 82. Bxd3 exd3 83. Rxd3 Rc4 84. Re3 Re4 85. Rxe4 fxe4 86. f5 e3 87. f6 e2 88. f7 e1=Q 89. f8=Q+ 1-0


[Site "https://www.chess.com"]

[Event "Titled Tuesday Blitz August 22 Early 2023"]
[White "Ovezdurdyyeva, Jemal"]
[Black "Thiel, Thomas"]
[WhiteFideId "14001888"]
[BlackFideId "4615964"]
[WhiteElo "2373"]
[BlackElo "2233"]
[Result "1-0"]
[Round "10"]
[TimeControl "180+1"]
[Date "2023.08.22"]
[WhiteClock "0:00:49"]
[BlackClock "0:00:14"]
[Board "148"]

1. e4 d5 2. exd5 Nf6 3. d4 Nxd5 4. c4 Nb6 5. Nc3 e5 6. Nf3 exd4 7. Nxd4 Bb4 8. Be2 O-O 9. O-O Bxc3 10. bxc3 c5 11. Nb5 Bd7 12. Nd6 Bc6 13. Be3 Na6 14. Qd2 Qd7 15. Bf4 Rad8 16. Qc2 Qe6 17. Nf5 Be4 18. Nxg7 Bxc2 19. Nxe6 fxe6 20. Be5 Bd3 21. Bxd3 Rxd3 22. Bg3 Nxc4 23. Rfe1 Re8 24. Re4 b5 25. a4 Nd6 26. Rg4+ Kf7 27. axb5 Nxb5 28. h4 Nac7 29. c4 Rd4 30. Rxd4 cxd4 31. cxb5 Nxb5 32. Ra5 Nc3 33. Rxa7+ Kg6 34. Be5 Rd8 35. g4 h5 36. Rg7+ 1-0


[Site "https://www.chess.com"]

[Event "Titled Tuesday Blitz August 22 Early 2023"]
[White "Andrade Truyol, Geiner Jose"]
[Black "Tanwir, Furqan"]
[WhiteFideId "4431987"]
[BlackFideId "2023962"]
[WhiteElo "2231"]
[BlackElo "2363"]
[Result "0-1"]
[Round "10"]
[TimeControl "180+1"]
[Date "2023.08.22"]
[WhiteClock "0:00:15"]
[BlackClock "0:01:13"]
[Board "149"]

1. e4 c5 2. Nf3 e6 3. d4 cxd4 4. Nxd4 a6 5. Bd3 Bc5 6. Nb3 Ba7 7. O-O Nc6 8. Nc3 Nf6 9. Qe2 Qc7 10. Bd2 h5 11. Nd5 exd5 12. exd5+ Ne5 13. d6 Qxd6 14. Bc3 Ng4 15. Rae1 f6 16. h3 Kf7 17. hxg4 Nxg4 18. Bc4+ Kg6 19. Qd3+ Qxd3 20. Bxd3+ f5 21. Nd4 d5 22. Re7 Bc5 23. Nb3 Bxe7 24. Bd4 0-1


[Site "https://www.chess.com"]

[Event "Titled Tuesday Blitz August 22 Early 2023"]
[White "Yuruultei Batbaatar"]
[Black "Flis, Pawel"]
[WhiteFideId "4905962"]
[BlackFideId "1112864"]
[WhiteElo "2361"]
[BlackElo "2152"]
[Result "1-0"]
[Round "10"]
[TimeControl "180+1"]
[Date "2023.08.22"]
[WhiteClock "0:01:44"]
[BlackClock "0:00:00"]
[Board "150"]

1. d4 Nf6 2. c4 c5 3. d5 b5 4. cxb5 a6 5. e3 e6 6. dxe6 fxe6 7. Nf3 d5 8. b3 Bd6 9. Bb2 O-O 10. Bd3 axb5 11. Bxb5 Ba6 12. Bxa6 Rxa6 13. O-O Nc6 14. Nbd2 Qa8 15. a3 Ng4 16. e4 d4 17. Nc4 Bc7 18. Nxd4 Nxh2 19. Nxe6 Qc8 20. Nxf8 Nxf1 21. Qd5+ Kxf8 22. Rxf1 Ne7 23. Qg5 Rg6 24. Qxc5 Qg4 25. Ne3 Qc8 26. Rc1 1-0


[Site "https://www.chess.com"]

[Event "Titled Tuesday Blitz August 22 Early 2023"]
[White "Sericano, Claudio"]
[Black "Okike, David"]
[WhiteFideId "800473"]
[BlackFideId "8500134"]
[WhiteElo "2077"]
[BlackElo "2357"]
[Result "0-1"]
[Round "10"]
[TimeControl "180+1"]
[Date "2023.08.22"]
[WhiteClock "0:02:10"]
[BlackClock "0:02:22"]
[Board "151"]

1. e4 c5 2. Nf3 Nc6 3. d4 cxd4 4. Nxd4 Nf6 5. Nc3 d6 6. Bg5 a6 7. Qd2 e6 8. O-O-O Bd7 9. f4 h6 10. Bxf6 Qxf6 11. Nxc6 Bxc6 12. Bd3 Qd8 13. g4 Be7 14. f5 Bg5 15. fxe6 fxe6 16. Bc4 Bxd2+ 17. Rxd2 Qe7 18. Rhd1 O-O-O 19. Kb1 Rhf8 20. a4 Rf4 21. h3 Kb8 22. Rd4 e5 23. Nd5 Bxd5 24. Rxd5 Rxe4 0-1


[Site "https://www.chess.com"]

[Event "Titled Tuesday Blitz August 22 Early 2023"]
[White "Johnson, Ben"]
[Black "Carre, Sylvain"]
[WhiteFideId "2010917"]
[BlackFideId "642118"]
[WhiteElo "2137"]
[BlackElo "2344"]
[Result "1-0"]
[Round "10"]
[TimeControl "180+1"]
[Date "2023.08.22"]
[WhiteClock "0:00:06"]
[BlackClock "0:00:16"]
[Board "152"]

1. Nf3 d5 2. e3 Nf6 3. c4 c6 4. Nc3 Bf5 5. cxd5 cxd5 6. Qb3 Bc8 7. Ne5 e6 8. d4 Be7 9. Bb5+ Nbd7 10. O-O O-O 11. Bd2 Nb6 12. Rac1 Bd7 13. Bd3 Rc8 14. Rfd1 g6 15. Be1 Kg7 16. Nxd7 Qxd7 17. Ne2 Rxc1 18. Rxc1 Rc8 19. Ba5 Rxc1+ 20. Nxc1 Qc6 21. Ne2 Nc4 22. Bb4 Bxb4 23. Qxb4 a5 24. Qc3 Kg8 25. b3 Nd6 26. Qxa5 Nfe4 27. f3 Nf6 28. Qc3 Qb6 29. Qc5 Qd8 30. Nc3 Nf5 31. Kf2 h5 32. Nb5 Nd7 33. Qc1 Qh4+ 34. Kg1 Nxd4 35. Nxd4 Ne5 36. Be2 Kg7 37. f4 Ng4 38. Bxg4 hxg4 39. Ne2 Qe7 40. Qc3+ Kh7 41. Ng3 Qa3 42. Qc2 Qb4 43. Kf2 f6 44. h3 gxh3 45. gxh3 Kh6 46. h4 d4 47. Qe2 Qc3 48. exd4 Qxd4+ 49. Qe3 Qb2+ 50. Kf3 Qxa2 51. Qxe6 Qb2 52. h5 Qc3+ 53. Kg2 Qc6+ 54. Qxc6 bxc6 55. hxg6 Kxg6 56. f5+ Kg5 57. Kf3 c5 58. Ke4 Kg4 59. Ne2 Kg5 60. Nc1 Kg4 61. Nd3 c4 62. bxc4 Kg5 63. c5 Kh6 64. c6 Kg7 65. c7 Kf8 66. c8=Q+ Ke7 67. Qc6 Kf8 68. Qxf6+ Kg8 69. Qg6+ Kh8 70. Qg5 Kh7 71. Ne5 1-0


[Site "https://www.chess.com"]

[Event "Titled Tuesday Blitz August 22 Early 2023"]
[White "rikchessmx"]
[Black "Simonovic, Miroslav"]
[BlackFideId "919152"]
[WhiteElo "2380"]
[BlackElo "2260"]
[Result "0-1"]
[Round "10"]
[TimeControl "180+1"]
[Date "2023.08.22"]
[WhiteClock "0:00:23"]
[BlackClock "0:00:18"]
[Board "153"]

1. e4 c5 2. Nf3 Nc6 3. d4 cxd4 4. Nxd4 g6 5. Nxc6 dxc6 6. Qxd8+ Kxd8 7. Bf4 Bg7 8. Nc3 e5 9. O-O-O+ Ke7 10. Be3 b6 11. f3 Be6 12. Ba6 Rb8 13. Rd2 Nf6 14. Rhd1 Bc8 15. Bc4 Be6 16. Bxe6 Kxe6 17. Rd6+ Ke7 18. Rxc6 Rhc8 19. Rxc8 Rxc8 20. Nd5+ Nxd5 21. Rxd5 f5 22. Bg5+ Ke6 23. b3 h6 24. Bh4 g5 25. Bf2 fxe4 26. fxe4 Rf8 27. Be3 Rf1+ 28. Kb2 Bf8 29. Rd3 Be7 30. a4 Re1 31. a5 bxa5 32. Bxa7 Rxe4 33. Rd2 a4 34. c4 a3+ 35. Ka2 Re1 36. Rc2 Bb4 37. c5 Kd7 38. c6+ Kc8 39. Bc5 Bxc5 40. Rxc5 Re2+ 41. Kxa3 Rxg2 42. Rxe5 Kc7 43. Rc5 Rxh2 44. b4 g4 45. b5 g3 46. Rc3 g2 47. Rg3 Rh3 48. Rxh3 g1=Q 49. Rb3 Kb6 50. Rc3 Qd4 51. Kb3 Qd5+ 52. Kc2 Kxb5 53. c7 Qf5+ 54. Kb3 Qc8 55. Kc2 Kb4 56. Kd3 Qh3+ 0-1


[Site "https://www.chess.com"]